 Dungeon Crawl Stone Soup version 0.31-a0-1616-gbeaec30b81 (webtiles) character file.

Game seed: 5387444591424159404

75 mopl the Digger (level 4, 0/33 HPs)
             Began as a Draconian Earth Elementalist on Jan 10, 2024.
             Killed from afar by an orc wizard (2 damage)
             ... with a magic dart
             ... on level 3 of the Dungeon.
             The game lasted 00:02:01 (1372 turns).

mopl the Digger (Draconian Earth Elementalist)      Turns: 1372, Time: 00:02:02

Health: 0/33       AC:  6    Str: 11    XL:     4   Next: 11%
Magic:  7/8        EV: 12    Int: 17    God:
Gold:   104        SH:  0    Dex: 11    Spells: 7/8 levels left

rFire   + . .        (no weapon)
rCold   + . .        (no shield)
rNeg    . . .        (body armour unavailable)
rPois   +            (helmet restricted)
rElec   +            (no cloak)
rCorr   +            (no gloves)
SInv    .            k - +0 pair of boots
Will    .....        f - amulet of magic regeneration
Stlth   ++           (no ring)
HPRegen 0.25/turn    (no ring)
MPRegen 0.51/turn

%: no passive effects
@: resistant, attractive
A: AC +5, unfitting armour, cold-blooded
a: no special abilities


You were on level 3 of the Dungeon.
You visited 1 branch of the dungeon, and saw 3 of its levels.

You collected 104 gold pieces.

Inventory:

Hand Weapons
 p - a +2 trident of freezing
Missiles
 n - a throwing net
Armour
 k - a +0 pair of boots (worn)
Jewellery
 f - an amulet of magic regeneration (around neck)
Talismans
 d - a talisman of death
Wands
 r - a wand of polymorph (8)
Scrolls
 b - a scroll of immolation {unknown}
 e - a scroll of fog {unknown}
 g - a scroll of teleportation {unknown}
 h - 2 scrolls of identify {unknown}
 l - a scroll of revelation {unknown}
 q - a scroll of torment {unknown}
Potions
 a - 2 potions of magic
 i - a potion of degeneration {unknown}
 j - a potion of brilliance {unknown}
 m - 2 potions of attraction
 o - a potion of might {unknown}


   Skills:
 - Level 1.7 Dodging
 - Level 1.7 Stealth
 + Level 2.8 Spellcasting
 + Level 2.3 Conjurations
 + Level 3.7 Earth Magic


You had 7 spell levels left.
You knew the following spells:

 Your Spells              Type           Power      Damage    Failure   Level
a - Sandblast             Erth           30%        2d9       3%          1

Your spell library contained the following spells:

 Spells                   Type           Power      Damage    Failure   Level
 Passwall                 Erth           15%        N/A       11%         3
 Stone Arrow              Conj/Erth      24%        3d8       16%         3
 Ensorcelled Hibernation  Hex/Ice        4%         N/A       26%         2
 Brom's Barrelling Bould  Conj/Erth      12%        2d4       45%         4
 Swiftness                Air            2%         N/A       47%         3
 Petrify                  Alch/Erth      8%         N/A       63%         4


Dungeon Overview and Level Annotations

Branches:
Dungeon (3/15)

Altars:

Shops:
D:2 [


Innate Abilities, Weirdness & Mutations

Your plain brown scales are hard. (AC +5)
You cannot fit into any form of body armour.
You are cold-blooded and may be slowed by cold attacks.


Message History

The blast of sand hits something!
You hear some strange, mumbled words.
A puff of flame appears from out of thin air!
The puff of flame hits you.
Unknown command.
Casting: Sandblast (safe; 3% risk of failure)
Confirm with . or Enter, or press ? or * to list all spells.
Aiming: Sandblast (safe; 3% risk of failure)
Press: ? - help, Shift-Dir - straight line The blast of sand hits something.
You hear some strange, mumbled words.
A puff of flame appears from out of thin air!
The puff of flame hits you!
* * * LOW HITPOINT WARNING * * *
Something barely misses you.
Casting: Sandblast (safe; 3% risk of failure)
Confirm with . or Enter, or press ? or * to list all spells.
You don't know that spell.
Sorry, you're not good enough to have a special ability.
You closely miss something. Something hits you.
* * * LOW HITPOINT WARNING * * *
Something hits you but does no damage.
Casting: Sandblast (safe; 3% risk of failure)
Confirm with . or Enter, or press ? or * to list all spells.
Aiming: Sandblast (safe; 3% risk of failure)
Press: ? - help, Shift-Dir - straight line The blast of sand hits something.
Something hits you but does no damage. Something hits you.
* * * LOW HITPOINT WARNING * * *
Something hits you.
* * * LOW HITPOINT WARNING * * *
It was a potion of attraction.
You feel attractive to monsters.
Something hits you but does no damage. x2
It was a potion of resistance.
You feel protected.
You hear some strange, mumbled words.
A magic dart appears from out of thin air!
The magic dart hits you.
You die...

o......
#..........
#.....
##.#####.##
#.
#.#######.#
#)# #?
#.........#
#.# ..
#)#########
#.# #. #.#
#.## #. #.#
#... #.##{#
#### #..{@#
#..#### +.#
..# .## #


There were no monsters in sight!

Vanquished Creatures
  4 adders
  3 orcs (D:3)
  2 bats (D:1)
  3 endoplasms
  3 goblins
  3 hobgoblins
  9 kobolds
  2 quokkas
  A ball python (D:2)
  A frilled lizard (D:1)
  6 rats
37 creatures vanquished.

Notes
Turn   | Place    | Note
-------+----------+-------------------------------------------
     0 | D:1      | mopl the Draconian Earth Elementalist began the quest for
                  | the Orb.
     0 | D:1      | Reached XP level 1. HP: 14/14 MP: 3/3
   137 | D:1      | Reached XP level 2. HP: 20/20 MP: 3/5
   611 | D:2      | Reached XP level 3. HP: 26/26 MP: 6/6
   753 | D:2      | Reached skill level 2 in Conjurations
   909 | D:2      | Found Sumio's Armour Boutique.
  1267 | D:3      | Found a faded altar of an unknown god.
  1328 | D:3      | Reached XP level 4. HP: 33/33 MP: 6/8
  1372 | D:3      | Killed from afar by an orc wizard

Illustrated notes

Levels and vault maps discovered:
D:1:      heliophobic_arrival_ceremonial_halls, layout_rooms
D:2:      layout_basic, serial_shops, shop, hangedman_feature_mirror
D:3:      layout_loops_ring, gup_sewer_entry_bowl, nicolae_ecumenical_pavilion,
          minmay_quantized

Skill      XL: |  1  2  3 |
---------------+----------+-----
Conjurations   | 2 |  2.3
Dodging        | |  1.7
Stealth        | |  1.7
Spellcasting   | |  2.8
Earth Magic    | |  3.7

Action                     |  1- 3 |  4- 6 || total
---------------------------+-------+-------++-------
  Melee: Unarmed           |     9 |     2 ||    11
         Tailslap          |     1 |       ||     1
   Cast: Sandblast         |    53 |    11 ||    64
    Use: Potion            |       |     2 ||     2
 Armour: Skin              |    25 |    20 ||    45
  Dodge: Dodged            |    26 |     7 ||    33

Table legend: (Time is in decaauts)
 A = Elapsed time spent in this place.
 B = Non-inter-level travel time spent in this place.
 C = Inter-level travel time spent in this place.
 D = Time resting spent in this place.
 E = Time spent auto-exploring this place.
 F = Levels seen in this place.
 G = Mean time per level.
                   A        B        C        D        E       F      G
               +--------+--------+--------+--------+--------+-----+--------+
         Total |   1405 |   1337 |     68 |      0 |    997 |   3 |  468.3 |
       Dungeon |   1405 |   1337 |     68 |      0 |    997 |   3 |  468.3 |
               +--------+--------+--------+--------+--------+-----+--------+

Top non-repeatable levels by time:
     D:2: 803 daAuts
     D:1: 489 daAuts
     D:3: 112 daAuts
